Unix NetHack Version 5.0.0-0 post-release - last build Jun 10 2026 00:39:30 (3ee93aec679c4c4259841fe613dc97188e26a321,branch:main).

Game began 2026-06-13 20:28:05, ended 2026-06-14 23:41:52.

Ch3Begorrah, chaotic male human Rogue

                                  -------
                                  |......#
                                 #-.>...|#
                                  |...2.|@
                                  |.....|N
                                  -------)
                                         )


                                                2

                                             1

Ch3Begorrah the Pilferer  St:15 Dx:18 Co:18 In:10 Wi:10 Ch:8  Chaotic
Dlvl:22 $:0  HP:0(90) Pw:30(30) AC:0  Xp:10 T:13768 

Latest messages:
 In what direction? j
 You throw 3 daggers.
 The 1st dagger hits it.
 The 2nd dagger hits it!
 The 3rd dagger hits it!
 In what direction? j
 You throw 2 daggers.
 The 1st dagger hits it!
 The 2nd dagger hits it!
 In what direction? j
 You kill it!
 A splash of venom misses you.
 A splash of venom misses you.
 The black naga spits venom!
 A splash of venom misses you.
 What do you want to drop? [bd-lnq-tvBCEGO-QU-Z or ?*] P
 You drop a bag containing 70 items.
 Your movements are now unencumbered.
 In what direction? j
 You throw 2 daggers.
 The 1st dagger hits the black naga!
 The 2nd dagger hits the black naga!
 You hit the black naga.
 You hit the black naga.
 The black naga bites!
 You hit the black naga.
 The black naga bites!
 You hit the black naga.
 You hit the black naga.
 The black naga bites!
 The black naga bites!
 You hit the black naga.
 The black naga bites!
 You hit the black naga.
 You hit the black naga.
 The black naga bites!
 You hit the black naga.
 The black naga bites!
 You hit the black naga.
 The black naga bites!
 You miss the black naga.
 The black naga bites!
 You hit the black naga.
 The black naga bites!
 The black naga bites!
 What do you want to write with? [- dgijnvZ or ?*] g
 The wand is too worn out to engrave.
 The black naga bites!
 You die...
 Do you want your possessions identified? [ynq] (y) q

Inventory:
 Weapons  (')')
  j - a +1 silver saber (alternate weapon; not wielded)
 Armor    ('[')
  X - an uncursed +0 pair of leather gloves (being worn)
  U - an uncursed +0 pair of iron shoes (being worn)
  V - an uncursed burnt +0 small shield (being worn)
  f - a blessed +1 cloak of displacement (being worn)
  r - an uncursed +0 elven mithril-coat (being worn)
 Comestibles  ('%')
  Y - an uncursed apple
  G - an uncursed lizard corpse
 Scrolls  ('?')
  B - a cursed scroll of enchant weapon
  l - an uncursed scroll of identify
  O - an uncursed scroll of light
  b - an uncursed scroll of teleportation
 Potions  ('!')
  k - an uncursed potion of invisibility
  h - an uncursed potion of object detection
 Rings    ('=')
  n - an uncursed ring of warning (on left hand)
 Wands    ('/')
  g - a cursed wand of digging (0:0)
  d - a wand of speed monster (0:3)
  v - a wand of undead turning (0:4)
 Tools    ('(')
  s - an uncursed sack containing 2 items
  q - an uncursed blindfold
  e - an uncursed lock pick
  Q - a blessed magic lamp (lit)
  W - an uncursed magic whistle
  E - a +0 pick-axe (weapon in right hand)
  C - an uncursed tin whistle
 Gems/Stones  ('*')
  Z - an uncursed worthless piece of violet glass
  i - an uncursed luckstone

Contents of the sack:
  3 potions of unholy water named Unc
  an uncursed worthless piece of black glass

Ch3Begorrah the Rogue's attributes:

Background:
 You were a Pilferer, a level 10 male human Rogue.
 You were chaotic, nominally on a mission for Kos
 who was opposed by Issek (lawful) and Mog (neutral).
 You were right-handed.
 You were in the Dungeons of Doom, on level 22.
 You entered the dungeon 13768 turns ago.
 It was nighttime.
 There was a new moon in effect when your adventure ended.
 You had 9101 experience points, 899 more were needed to attain level 11.

Basics:
 You had 0 out of 90 hit points.
 You had all 30 energy points (spell power).
 Your armor class was 0.
 Your wallet was empty.
 Autopickup was on for '$!/(' plus thrown, with exceptions.

Final Characteristics:
 Your strength was 15 (limit:18/100).
 Your dexterity was 18 (limit:18).
 Your constitution was 18 (limit:18).
 Your intelligence was 10 (limit:18).
 Your wisdom was 10 (limit:18).
 Your charisma was 8 (limit:18).

Final Status:
 You weren't hungry.
 You were unencumbered.
 You were wielding a pick-axe.
 You had no skill with pick-axe.

Final Attributes:
 You were piously aligned.
 You were cold resistant.
 You were poison resistant.
 You were warned.
 You had automatic searching.
 You were displaced.
 You were stealthy.
 You were guarded.
 You were fast.
 You were lucky.
 You had extra luck.
 Bad luck did not time out for you.
 Good luck did not time out for you.
 You are dead.

Miscellaneous:
 You encountered 1 bones level.
 Total elapsed playing time was 2 hours, 43 minutes and 52 seconds.

Major events:
 Turn
    1: Ch3Begorrah the chaotic male human Rogue entered the dungeon
 1850: attained the rank of Cutpurse (level 3)
 1907: entered the Gnomish Mines
 3749: attained the rank of Rogue (level 6)
 7901: reached Mine Town
 9136: attained the rank of Pilferer (level 10)
 9914: acquired the Mines' End luckstone
13768: killed by a black naga

You didn't know any spells.

Skills:
 Fighting Skills
   bare handed combat [Unskilled]
   two weapon combat  [Unskilled]
   riding             [Unskilled]
 Weapon Skills
   dagger             [Skilled]
   knife              [Unskilled]
   short sword        [Basic]
   broadsword         [Unskilled]
   long sword         [Unskilled]
   two-handed sword   [Unskilled]
   saber              [Skilled]
   club               [Unskilled]
   mace               [Unskilled]
   morning star       [Unskilled]
   flail              [Unskilled]
   hammer             [Unskilled]
   polearms           [Unskilled]
   spear              [Unskilled]
   crossbow           [Unskilled]
   dart               [Unskilled]
   shuriken           [Unskilled]
 Spellcasting Skills
   divination spells  [Unskilled]
   escape spells      [Unskilled]
   matter spells      [Unskilled]

Voluntary challenges:
 Character rerolling was not enabled.
 You followed a strict vegan diet.
 You were an atheist.
 You never genocided any monsters.
 You never polymorphed an object.
 You never changed form.
 You used no wishes.
Achievements:
 You entered a shop.
 You attained the rank of Cutpurse.
 You entered the Gnomish Mines.
 You attained the rank of Rogue.
 You entered a temple.
 You entered Minetown.
 You attained the rank of Pilferer.
 You completed the Gnomish Mines.

 The Dungeons of Doom: levels 1 to 23
    Level 1:
    Level 2:
       A general store.
    Level 3:
       A potion shop.
    Level 4:
       A fountain.
       Stairs down to The Gnomish Mines.
    Level 5:
       A fountain.
    Level 6:
       A fountain.
    Level 7:
       A general store, a fountain.
    Level 8:
       Many fountains.
    Level 9: "Cockatrice"
       A temple and an altar, a fountain.
    Level 10: "4sb altar"
       A temple and an altar.
    Level 11:
       Many fountains.
    Level 12:
    Level 13:
       A grave.
    Level 14:
       A fountain.
       Summoned by the Master of Thieves.
    Level 15:
    Level 16:
       A primitive area.
    Level 17:
       A temple and an altar.
    Level 18:
       A fountain.
    Level 19:
       A temple and an altar, a fountain, a sink.
    Level 20:
    Level 21:
    Level 22: <- You were here.
       Final resting place for
          you, killed by a black naga,
          DaveT-Pri-Hum-Mal-Law, killed by a fire elemental.
    Level 23:
 The Gnomish Mines: levels 5 to 12
    Level 5:
    Level 6:
    Level 7:
       Many shops, an altar to Kos, some fountains, a sink.
    Level 8: "Titan"
    Level 9:
    Level 10:
    Level 11:
    Level 12:


Vanquished creatures:
  2 aligned clerics
  a watch captain
  2 ghosts
  2 queen bees
  a giant mimic
  a fire giant
  a stalker
 an air elemental
  2 fire elementals
  a giant zombie
 10 wargs
  8 small mimics
  a warhorse
  2 ettin mummies
  3 gelatinous cubes
  a pyrolisk
  a flaming sphere
  a shocking sphere
  a tiger
  a gargoyle
  a tengu
  a leocrotta
  2 stone giants
 an elf mummy
  2 human mummies
  2 pit vipers
  a wraith
  2 ettin zombies
  2 Grey-elves
  4 watchmen
  a chameleon
  a crocodile
  2 giant beetles
  4 wolves
  3 winter wolf cubs
  a panther
  8 leprechauns
 an orc-captain
  a mumak
  3 giant spiders
  a scorpion
  a horse
 an ice vortex
  a black light
  3 vampire bats
  2 gnome rulers
  a rust monster
  a gold golem
  2 Green-elves
  2 lizards
  a chickatrice
  a dingo
  a housecat
  a jaguar
  2 blue jellies
  a dust vortex
  3 snakes
  3 apes
  3 human zombies
  a rope golem
  a Woodland-elf
  3 soldier ants
  a quasit
  3 wood nymphs
  a water nymph
  2 mountain nymphs
  a rock piercer
  3 ponies
  2 fog clouds
  9 yellow lights
 13 gnome leaders
  6 gnomish wizards
  3 gray oozes
  a barrow wight
 an elf zombie
  2 ghouls
  2 straw golems
  4 paper golems
  2 baby crocodiles
  a giant ant
  6 floating eyes
  3 kittens
 19 dwarves
  4 rothes
  a giant bat
  2 monkeys
  2 orc zombies
  5 iguanas
 33 killer bees
  2 acid blobs
  3 coyotes
  a gas spore
  2 hobbits
  5 manes
  a large kobold
  2 hobgoblins
  a giant rat
  9 cave spiders
  a brown mold
  4 yellow molds
  a green mold
 68 gnomes
  7 garter snakes
  3 geckos
  6 jackals
  2 foxes
  a kobold
  2 goblins
  7 grid bugs
  9 bats
  3 lichens
  a kobold zombie
  8 newts
403 creatures vanquished.

No species were genocided or became extinct.

Game over:
                       ----------
                      /          \
                     /    REST    \
                    /      IN      \
                   /     PEACE      \
                  /                  \
                  |   Ch3Begorrah    |
                  |       0 Au       |
                  |   killed by a    |
                  |    black naga    |
                  |                  |
                  |                  |
                  |       2026       |
                 *|     *  *  *      | *
        _________)/\\_//(\/(/\)/\//\/|_)_______

Goodbye Ch3Begorrah the Rogue...

You died in The Dungeons of Doom on dungeon level 22 with 38094 points,
and 0 pieces of gold, after 13768 moves.
You were level 10 with a maximum of 90 hit points when you died.

